 Dungeon Crawl Stone Soup version 0.23-a0-61-g4bf3f6c (webtiles) character file.

67 Amnesiac the Conjurer (level 3, -5/24 HPs)
             Began as a Mummy Conjurer on Aug 9, 2018.
             Slain by Grinder (6 damage)
             ... while paralysed by Grinder
             ... on level 3 of the Dungeon.
             The game lasted 00:03:01 (1321 turns).

Amnesiac the Conjurer (Mummy Conjurer)              Turns: 1321, Time: 00:03:02

Health: -5/24      AC:  5    Str: 11    XL:     3   Next: 98%
Magic:  0/8        EV:  2    Int: 15    God:
Gold:   0          SH:  0    Dex: 12    Spells: 4/10 levels left

rFire    x . .     SeeInvis .   d - +0 short sword
rCold    + . .     Gourm    .   (no shield)
rNeg     + + +     Faith    .   a - +0 ring mail
rPois    ∞         Spirit   .   (no helmet)
rElec    .         Reflect  .   (no cloak)
rCorr    .         Harm     .   (no gloves)
MR       .....                  (no boots)
Stlth    +.........             (no amulet)
HPRegen  0.08/turn              (no ring)
MPRegen  0.11/turn              (no ring)

@: paralysed, very slightly contaminated
A: no food or potions, fire vulnerability, cold resistance 1, negative energy
resistance 3, torment resistance, unbreathing
a: no special abilities


You were on level 3 of the Dungeon.
You were not hungry.

You visited 1 branch of the dungeon, and saw 4 of its levels.

Inventory:

Hand Weapons
 d - a +0 short sword (weapon)
Armour
 a - a +0 ring mail (worn)
 c - a +0 leather armour
Scrolls
 e - a scroll of teleportation {!r, unknown}


   Skills:
 - Level 1.5 Dodging
 - Level 1.5 Stealth
 + Level 4.0 Spellcasting
 * Level 4.1 Conjurations


You had 4 spell levels left.
You knew the following spells:

 Your Spells              Type           Power        Failure   Level  Hunger
a - Magic Dart            Conj           ###.         9%          1    N/A
d - Searing Ray           Conj           ###...       12%         2    N/A
e - Dazzling Spray        Conj/Hex       #.....       50%         3    N/A

Your spell library contained the following spells:

 Spells                   Type           Power        Failure   Level  Hunger
 Iskenderun's Mystic Bla  Conj           ###.....     63%         4    N/A
 Fulminant Prism          Conj/Hex       #.........   88%         4    N/A
 Force Lance              Conj/Tloc      #.......     88%         4    N/A

Dungeon Overview and Level Annotations

Branches:
Dungeon (4/15)
 Temple: D:4-7

Altars:
Gozag
Hepliaklqana
Qazlal
Yredelemnul
The Shining One

Annotations:
D:3 Grinder


Innate Abilities, Weirdness & Mutations

You do not eat or drink.
Your flesh is vulnerable to fire.
You are immune to poison.
Your flesh is cold resistant. (rC+)
You are immune to negative energy. (rN+++)
You are immune to unholy pain and torment.
You can survive without breathing.


Message History

The hobgoblin throws a stone.
The stone barely misses you.
You see here 2 stones.
You start resting.
Grinder is too close now for your liking.
Casting: Searing Ray (safe; 12% risk of failure)
Confirm with . or Enter, or press ? or * to list all spells.
Aiming: Searing Ray (safe; 12% risk of failure)
Press: ? - help, Shift-Dir - straight line, f - Grinder
Aim: Grinder You miscast Searing Ray.
You are very lightly contaminated with residual magic.
Strange energies run through your body.
Grinder says, "My boss said I was rubbish.
His entrails said otherwise."
A giant cockroach comes into view.
The giant cockroach bites you but does no damage.
Casting: Searing Ray (safe; 12% risk of failure)
Confirm with . or Enter, or press ? or * to list all spells.
Aiming: Searing Ray (safe; 12% risk of failure)
Press: ? - help, Shift-Dir - straight line, f - hobgoblin, p - Grinder
Aim: a hobgoblin, wearing a scale mail and wearing a knobbly bone ring The searing ray hits Grinder.
Grinder is lightly wounded. (Press . to maintain the ray.)
The giant cockroach completely misses you.
Grinder says, "Don't move a muscle."
The searing ray hits Grinder.
Grinder is lightly wounded.
The giant cockroach bites you but does no damage.
Grinder hits you.
The searing ray hits Grinder.
Grinder is moderately wounded.
The giant cockroach bites you but does no damage.
Grinder hits you. The giant cockroach barely misses you.
The searing ray hits Grinder.
Grinder is heavily wounded.
The searing ray hits the hobgoblin.
The hobgoblin is severely wounded.
You finish channeling your searing ray.
Grinder hits you!
* * * LOW HITPOINT WARNING * * *
The giant cockroach barely misses you.
Casting: Searing Ray (safe; 12% risk of failure)
Confirm with . or Enter, or press ? or * to list all spells.
Aiming: Magic Dart (safe; 9% risk of failure)
Press: ? - help, Shift-Dir - straight line, f/p - hobgoblin
Aim: a hobgoblin, wearing a scale mail and wearing a knobbly bone ring (severely wounded)
You miscast Magic Dart.
Nothing appears to happen.
The giant cockroach bites you but does no damage.
Grinder barely misses you.
You hit Grinder but do no damage.
Grinder is heavily wounded.
The giant cockroach closely misses you. Grinder hits you but does no damage.
Really read
b - a scroll labeled WICO TOLIG {!r}?
As you read the scroll labeled WICO TOLIG {!r}, it crumbles to dust.
You assume a fearsome visage.
Grinder is unaffected.
The giant cockroach looks frightened!
The hobgoblin looks frightened!
It was a scroll of fear {!r}.
Grinder gestures at you.
You suddenly lose the ability to move!
Grinder hits you!
* * * LOW HITPOINT WARNING * * *
Grinder hits you.
* * * LOW HITPOINT WARNING * * *
Grinder hits you.
You die...

............
####(###### # #.#
# #(# # #.# #
#.########## #
#.....g.g..# #
##########.####.#
#..5@..# ########


You could see Grinder.

Vanquished Creatures
  2 adders (D:3)
  A worm (D:2)
  A dart slug (D:1)
  5 orcs (D:3)
  4 bats
  2 giant cockroaches (D:1)
  2 goblins (D:1)
  5 hobgoblins
  3 jackals
  6 kobolds
  2 frilled lizards
  4 rats
37 creatures vanquished.

Notes
Turn   | Place    | Note
-------+----------+-------------------------------------------
     0 | D:1      | Amnesiac the Mummy Conjurer began the quest for the Orb.
     0 | D:1      | Reached XP level 1. HP: 13/13 MP: 4/4
   186 | D:1      | Reached XP level 2. HP: 19/19 MP: 1/6
   190 | D:1      | Learned a level 2 spell: Searing Ray
   475 | D:2      | Found a basalt altar of Yredelemnul.
   478 | D:2      | Found a stormy altar of Qazlal.
   481 | D:2      | Found an opulent altar of Gozag.
   525 | D:2      | Found a glowing golden altar of the Shining One.
   705 | D:3      | Reached XP level 3. HP: 24/24 MP: 1/8
   714 | D:3      | Learned a level 3 spell: Dazzling Spray
   835 | D:3      | Found a faded altar of an unknown god.
   866 | D:3      | Found a hazy altar of Hepliaklqana.
  1202 | D:3      | Noticed Grinder
  1318 | D:3      | Paralysed by Grinder for 5 turns
  1320 | D:3      | HP: 1/24 [Grinder (2)]
  1321 | D:3      | Slain by Grinder

Vault maps used:
D:1:      roderic_chinese_lattice_arrival, minmay_tetromino_s4
D:2:      grunt_temple_overflow_cloverleaf, kennysheep_generic_room_3,
          uniq_natasha
D:3:      marbit_many_paths, chequers_ecumenical_altar_island, minivault_14,
          minmay_statues_item, uniq_grinder
D:4:      serial_shops, nicolae_shop_waterfront, uniq_edmund,
          uniq_crazy_yiuf_cottage

Skill      XL: |  1  2  3 |
---------------+----------+-----
Spellcasting   | 3 4 |  4.0
Conjurations   | 4 |  4.1
Dodging        | |  1.5
Stealth        | |  1.5

Action                   || total
-------------------------++-------
Melee: Unarmed           ||    15
       Short sword       ||    15
 Cast: Magic Dart        ||    62
       Searing Ray       ||     7
  Use: Scroll            ||     1
Armor: Ring mail         ||    14
       Robe              ||     2
Dodge: Dodged            ||    35

Table legend:
 A = Non-vault XP
 B = Vault XP
 C = Vault XP percentage of total XP
 D = Non-vault monster count
 E = Vault monster count
 F = Vault count percentage of total count
 G = Total turns spent on level
                 A         B        C        D         E       F
            +---------+---------+-------+---------+---------+-------
      Total |      94 |       2 |   2.1 |      36 |       1 |   2.7
            +---------+---------+-------+---------+---------+-------
        D:1 |      21 |       0 |   0.0 |      12 |       0 |   0.0
        D:2 |      19 |       0 |   0.0 |      10 |       0 |   0.0
        D:3 |      54 |       2 |   3.6 |      14 |       1 |   6.7
            +---------+---------+-------+---------+---------+-------
